 Dungeon Crawl Stone Soup version 0.29-a0-323-g050149af67 (webtiles) character file.

Game seed: 1088805800175404316

1155 zishaf the Shooter (level 8, -3/58 (75) HPs)
             Began as a Naga Hunter on Apr 11, 2022.
             Slain by a wight
             ... wielding a +5 morningstar
              (7 damage)
             ... on level 6 of the Dungeon.
             The game lasted 00:06:02 (4795 turns).

zishaf the Shooter (Naga Hunter)                    Turns: 4795, Time: 00:06:03

HP:   -3/58 (75)    AC: 13    Str: 14    XL:     8   Next: 39%
MP:   8/8           EV:  7    Int:  9    God:
Gold: 215           SH:  0    Dex: 17    Spells: 7/7 levels left

rFire   . . .      SeeInvis +   i - +0 short sword (speed)
rCold   . . .      Faith    .   (no shield)
rNeg    . . .      Spirit   .   b - +1 leather armour
rPois   +          Reflect  .   p - +0 helmet
rElec   .          Harm     .   (no cloak)
rCorr   +          Rampage  .   (no gloves)
Will    +....                   f - +3 barding of Festooned Happiness {+Inv}
Stlth   ++........              (no amulet)
HPRegen 0.19/turn               m - ring of resist corrosion
MPRegen 0.11/turn               (no ring)

@: mighty, very slightly contaminated, heavily drained, very slow
A: AC +2, large, see invisible, deformed body, poison resistance, slowness 2,
spit poison 1, naga tail 1
a: Spit Poison, Evoke Invisibility


You were on level 6 of the Dungeon.
You visited 1 branch of the dungeon, and saw 6 of its levels.

You collected 215 gold pieces.

Inventory:

Hand Weapons
 a - a +2 shortbow of freezing
 i - a +0 short sword of speed (weapon)
Armour
 b - a +1 leather armour (worn)
 f - the +3 barding of Festooned Happiness (worn) {+Inv}
   (You acquired it on level 4 of the Dungeon)

   +Inv:      It lets you turn invisible.
 p - a +0 helmet (worn)
Jewellery
 m - a ring of resist corrosion (left hand)
Scrolls
 c - 2 scrolls of immolation
 e - 4 scrolls of teleportation
 q - a scroll of enchant armour
Potions
 d - 2 potions of heal wounds
 g - 3 potions of attraction
 h - a potion of invisibility
 k - 3 potions of brilliance
 l - 3 potions of lignification {unknown}
 n - a potion of mutation
 o - a potion of flight {unknown}
 r - a potion of curing {unknown}


   Skills:
 + Level 5.4 Fighting
 * Level 7.6 Bows
 - Level 1.5 Dodging
 - Level 1.5 Stealth
 + Level 3.7 Evocations


You had 7 spell levels left.
You didn't know any spells.
Your spell library contained the following spells:

 Spells                   Type           Power      Damage    Failure   Level
 Conjure Flame            Conj/Fire      0%         6-21      83%         3
 Ignite Poison            Fire/Tmut/Pois 0%         N/A       83%         3
 Sticky Flame             Conj/Fire      0%         2d3       99%         4


Dungeon Overview and Level Annotations

Branches:
Dungeon (6/15)
 Temple: D:4-7

Altars:
Sif Muna
Yredelemnul

Shops:
D:2 !


Innate Abilities, Weirdness & Mutations

Your serpentine skin is tough. (AC +2)
You have supernaturally acute eyesight. (SInv)
Armour fits poorly on your strangely shaped body.
Your system is resistant to poisons. (rPois)
You cover ground very slowly.
You can spit poison.
You have a snake-like lower body.


Message History

The wight hits you but does no damage.
You feel drained.
You fade into invisibility!
You are very lightly contaminated with residual magic.
The wight barely misses you.
The wight hits you from afar with a +0 trident.
There is an open door here.
The wight closely misses you.
You flicker for a moment.
You flicker back into view.
The wight attacks as you move away! The wight hits you with a +0 battleaxe!
The wight barely misses you. The wight attacks as you move away!
The wight hits you with a +0 battleaxe.
You feel drained. The wight attacks as you move away!
The wight hits you with a +0 battleaxe. The wight barely misses you.
You feel very mighty all of a sudden. The wight hits you with a +0 battleaxe!
* * * LOW HITPOINT WARNING * * *
Your +2 shortbow of freezing stops glowing.
Your hands tingle!
i - a +0 short sword of speed (weapon)
You closely miss the wight.
The wight is heavily damaged.
The wight hits you with a +0 battleaxe.
* * * LOW HITPOINT WARNING * * *
You feel drained.
* * * LOW HITPOINT WARNING * * *
You hit the wight.
The wight is severely damaged.
The wight hits you with a +0 battleaxe.
* * * LOW HITPOINT WARNING * * *
You feel drained.
You hit the wight.
The wight is severely damaged.
You hit the wight.
You destroy the wight!
You closely miss the wight.
The wight hits you with a +5 morningstar!
You die...

###
#.#########
#.zz@.....#
#z#######.#
#.# #.# #.#
#.# #.# #.#
#z# #.# #.#
#.# #z# #.#
##### #.#
#.# #..<.


You could see 3 wights.

Vanquished Creatures
  2 sky beasts
  A black bear (D:5)
  2 ogres (D:5)
  2 centaurs
  A necrophage (D:3)
  A scorpion (D:5)
  2 wights (D:6)
  4 hounds
  An iguana (D:4)
  12 adders
  A gnoll (D:4)
  A shadow imp (D:3)
  2 worms
  3 dart slugs
  2 orcs
  11 endoplasms
  2 giant cockroaches
  7 goblins
  12 hobgoblins
  8 kobolds
  2 quokkas (D:5)
  8 ball pythons
  6 bats
  4 frilled lizards
  5 rats
102 creatures vanquished.

Notes
Turn   | Place    | Note
-------+----------+-------------------------------------------
     0 | D:1      | zishaf the Naga Hunter began the quest for the Orb.
     0 | D:1      | Reached XP level 1. HP: 19/19 MP: 1/1
    57 | D:1      | Found a faded altar of an unknown god.
   350 | D:1      | Reached XP level 2. HP: 26/26 MP: 2/2
   486 | D:1      | Reached skill level 4 in Bows
   768 | D:1      | Reached XP level 3. HP: 18/33 MP: 3/3
  1561 | D:2      | Reached XP level 4. HP: 40/40 MP: 4/4
  1667 | D:2      | Found Efosotret's Distillery.
  2220 | D:3      | Noticed a necrophage
  2229 | D:3      | Killed a necrophage
  2230 | D:3      | Reached skill level 5 in Bows
  2230 | D:3      | Reached XP level 5. HP: 35/49 MP: 5/5
  2442 | D:3      | Found a shimmering blue altar of Sif Muna.
  3175 | D:4      | Identified a scroll of acquirement
  3175 | D:4      | Acquired the +3 barding of Festooned Happiness {+Inv}
  3257 | D:4      | Reached XP level 6. HP: 51/57 MP: 6/6
  3261 | D:4      | Reached skill level 1 in Evocations
  3541 | D:4      | Reached skill level 6 in Bows
  3872 | D:5      | Entered Level 5 of the Dungeon
  3895 | D:5      | Reached XP level 7. HP: 66/66 MP: 7/7
  4068 | D:5      | Found a basalt altar of Yredelemnul.
  4386 | D:5      | Reached skill level 7 in Bows
  4521 | D:5      | Reached skill level 5 in Fighting
  4521 | D:5      | Reached XP level 8. HP: 74/74 MP: 8/8
  4795 | D:6      | Slain by a wight

Illustrated notes

Levels and vault maps discovered:
D:1:      eino_arrival_tree_alley, layout_basic,
          chequers_ecumenical_altar_simple_redux, amcnicky_mini_pool_small,
          minmay_tall_x
D:2:      layout_basic, serial_shops, nicolae_shop_statue_plus,
          chequers_serial_rivers_micro_c, chequers_big_river, moated_statue
D:3:      layout_loops_ring, mainiacjoe_overflow_concentric_impassable,
          supply_closet_lemuel, minmay_starry_boxes
D:4:      layout_cave_pools, cheibrodos_gnoll_hut
D:5:      layout_basic, lemuel_doored_altar
D:6:      layout_basic, mainiacjoe_overflow_paths, mainiacjoe_overflow_alcove_2

Skill      XL: |  1  2  3  4  5  6  7 |
---------------+----------------------+-----
Bows           | 4 5 6 7 |  7.6
Fighting       | 3 4 5 |  5.4
Evocations     | 2 3 |  3.7
Dodging        | |  1.5
Stealth        | |  1.5

Action                   |  1- 3 |  4- 6 |  7- 9 || total
-------------------------+-------+-------+-------++-------
Melee: Short sword       |       |       |     5 ||     5
 Fire: Shortbow          |    74 |   157 |    72 ||   303
 Abil: Spit Poison       |       |     4 |       ||     4
       Evoke Invisibilit |       |       |     1 ||     1
  Use: Scroll            |       |    11 |     1 ||    12
       Potion            |       |     1 |     1 ||     2
Armor: Leather armour    |     6 |    39 |    18 ||    63
Dodge: Dodged            |    11 |    45 |    18 ||    74

Table legend: (Time is in decaauts)
 A = Elapsed time spent in this place.
 B = Non-inter-level travel time spent in this place.
 C = Inter-level travel time spent in this place.
 D = Time resting spent in this place.
 E = Time spent auto-exploring this place.
 F = Levels seen in this place.
 G = Mean time per level.
                   A        B        C        D        E       F      G
               +--------+--------+--------+--------+--------+-----+--------+
         Total |   6111 |   5908 |    203 |    301 |   4883 |   6 | 1018.5 |
       Dungeon |   6111 |   5908 |    203 |    301 |   4883 |   6 | 1018.5 |
               +--------+--------+--------+--------+--------+-----+--------+

Top non-repeatable levels by time:
     D:1: 1549 daAuts
     D:2: 1297 daAuts
     D:3: 1221 daAuts
     D:5: 999 daAuts
     D:4: 853 daAuts
     D:6: 190 daAuts
